 Dungeon Crawl Stone Soup version 0.28-a0-29-g0adfcbbeba (webtiles) character file.

Game seed: 13958585006687564407

102 Jawa73 the Magician (level 5, 0/35 HPs)
             Began as a Djinni Hedge Wizard on July 27, 2021.
             Slain by an adder (2 damage)
             ... on level 2 of the Dungeon.
             The game lasted 00:14:31 (3962 turns).

Jawa73 the Magician (Djinni Hedge Wizard)           Turns: 3962, Time: 00:14:31

Health: 0/35       AC:  2    Str:  9    XL:     5   Next: 6%
Gold:   113        EV: 12    Int: 17    God:
                   SH:  5    Dex: 12

rFire   + + .      SeeInvis .   a - +0 dagger
rCold   x . .      Faith    .   (no shield)
rNeg    . . .      Spirit   .   b - +0 robe
rPois   ∞          Reflect  +   c - +0 hat
rElec   .          Harm     .   (no cloak)
rCorr   .          Rampage  .   (no gloves)
Will    .....                   (boots unavailable)
Stlth   ++........              l - amulet of reflection
HPRegen 0.11/turn               (no ring)
MPRegen 0.00/turn               (no ring)

@: flying
A: sickness immunity, fire resistance 2, cold vulnerability 1, float, innate
caster, hp casting, extra vitality 1
a: no special abilities


You were on level 2 of the Dungeon.
You visited 1 branch of the dungeon, and saw 3 of its levels.

You collected 113 gold pieces.

Inventory:

Hand Weapons
 a - a +0 dagger (weapon)
Armour
 b - a +0 robe (worn)
 c - a +0 hat (worn)
Jewellery
 l - an amulet of reflection (around neck)
Potions
 d - a potion of haste
 e - a potion of ambrosia {unknown}
 f - a potion of degeneration {unknown}
 g - a potion of invisibility {unknown}
 h - a potion of attraction {unknown}
 i - 3 potions of heal wounds {unknown}
 j - 2 potions of curing {unknown}


   Skills:
 * Level 2.7 Dodging
 - Level 1.5 Stealth
 * Level 4.0 Spellcasting


You couldn't memorise any spells.
You knew the following spells:

 Your Spells              Type           Power      Damage    Failure   Level
a - Magic Dart            Conj           68%        1d6       3%          1
b - Blink                 Tloc           N/A        N/A       4%          2
c - Call Imp              Summ           17%        N/A       4%          2
d - Slow                  Hex            17%        N/A       4%          2
e - Conjure Flame         Conj/Fire      17%        6-21      9%          3
f - Mephitic Cloud        Conj/Pois/Air  17%        N/A       9%          3
g - Freeze                Ice            68%        1d8       3%          1
h - Searing Ray           Conj           34%        3d4       4%          2
Your spell library was empty.

Dungeon Overview and Level Annotations

Branches:
Dungeon (3/15)

Altars:

Shops:
D:1 =

Annotations:
D:3 2 transporters


Innate Abilities, Weirdness & Mutations

You are immune to sickness and miasma.
You are immune to poison.
Your flesh is very heat resistant. (rF++)
You are vulnerable to cold. (rC-)
You float through the air rather than walking.
You learn spells naturally, not from books.
Your magical power is your life essence.
You have superior vitality. (+4 HP)


Message History

You blink.
* * * LOW HITPOINT WARNING * * *
It was a potion of haste.
You feel yourself speed up.
Found a ruby potion.
There is a stone staircase leading down here.
A frilled lizard comes into view.
The frilled lizard hisses angrily.
Things that are here:
5 stones; a +0 dagger; a kobold skeleton The frilled lizard hisses.
You see here a ruby potion.
j - 2 ruby potions (gained 1)
Your extra speed is starting to run out.
The shadow imp disappears for a moment.
You feel yourself slow down.
Found a book of Misfortune.
Found a stone staircase leading up.
There is a stone staircase leading up here.
An adder is nearby!
The adder bites you but does no damage.
There is a stone staircase leading up here.
The adder closely misses you.
You fly upwards.
There is a stone staircase leading down here.
The adder barely misses you.
Casting: Blink (safe; 4% risk of failure)
Confirm with . or Enter, or press ? or * to list all spells.
A beastly little devil appears in a puff of frigid air.
* * * LOW HITPOINT WARNING * * *
The adder misses you.
Casting: Call Imp (safe; 4% risk of failure)
Confirm with . or Enter, or press ? or * to list all spells.
You blink.
* * * LOW HITPOINT WARNING * * *
Casting: Blink (safe; 4% risk of failure)
Confirm with . or Enter, or press ? or * to list all spells.
You blink.
* * * LOW HITPOINT WARNING * * *
The adder barely misses you. The adder bites you.
You die...

# ##### #####.PPPP... # #.<.#
#..†..##PP.P≈ # #...##
#...##..####. ## #....###
#...##..P...# .#### #......###
#...##≈..≈.≈. ....###...##...##
#...##.P....# ###(.#....####..#
#...##≈....P. ####...####
##.#####...##PP.⌠... ....#.....##
#.@S.##...##...≈..#
###.#..##..#######..##.###.......
#...####......###.....5...P....
#........####..#####.##.###....
#.######.## ##..# ##..#...#.###
#.# #..# ##.###...###.#.# #.#
##.# #..##.#.###...# #.# #.##
##..#.#..##..## #.# #..#
##.#.##.##..#


You could see an adder.

Vanquished Creatures
  A necrophage (D:3)
  A worm (D:2)
  2 dart slugs (D:2)
  5 endoplasms (D:1)
  2 giant cockroaches (D:1)
  A hobgoblin (D:2)
  A kobold (D:2)
  2 quokkas (D:1)
  2 ball pythons
  5 bats
  A goblin (D:1)
  3 rats
26 creatures vanquished.

Vanquished Creatures (collateral kills)
  A worm (D:2)
  2 endoplasms
  2 hobgoblins (D:2)
  3 jackals (D:1)
  A quokka (D:3)
  A bat (D:2)
  3 kobolds
13 creatures vanquished.

Grand Total: 39 creatures vanquished

Notes
Turn   | Place    | Note
-------+----------+-------------------------------------------
     0 | D:1      | Jawa73 the Djinni Hedge Wizard began the quest for the Orb.
     0 | D:1      | Reached XP level 1. HP: 15/15 MP: 0/0
   290 | D:1      | Found Vaeheukk's Jewellery Emporium.
   687 | D:1      | Reached XP level 2. HP: 18/21 MP: 0/0
  1053 | D:1      | Reached skill level 3 in Spellcasting
  1874 | D:2      | Reached XP level 3. HP: 23/25 MP: 0/0
  1874 | D:2      | Learned a level 1 spell: Freeze
  2473 | D:2      | Found a faded altar of an unknown god.
  2978 | D:3      | Noticed a necrophage
  3002 | D:3      | Found a transporter.
  3002 | D:3      | Found a transporter.
  3787 | D:3      | Killed a necrophage
  3788 | D:3      | Reached skill level 4 in Spellcasting
  3788 | D:3      | Reached XP level 4. HP: 2/31 MP: 0/0
  3788 | D:3      | Reached XP level 5. HP: 2/35 MP: 0/0
  3788 | D:3      | Learned a level 2 spell: Searing Ray
  3825 | D:3      | HP: 1/35 [adder (1)]
  3835 | D:3      | HP: 1/35 [adder (1)]
  3863 | D:3      | HP: 1/35 [adder (1)]
  3962 | D:2      | Slain by an adder

Illustrated notes

Levels and vault maps discovered:
D:1:      wander_arrival_estate, layout_loops_ring, serial_shops, shop
D:2:      layout_rooms, shapermc_ecumenical_altar_mp_ritualfount
D:3:      gammafunk_wand_slinger, layout_loops_ring,
          mainiacjoe_overflow_small_starburst

Skill      XL: |  1  2  3 |
---------------+----------+-----
Spellcasting   | 3 4 |  4.0
Dodging        | |  2.7
Stealth        | |  1.5

Action                   |  1- 3 |  4- 6 || total
-------------------------+-------+-------++-------
Melee: Dagger            |     2 |       ||     2
 Cast: Magic Dart        |    75 |     1 ||    76
       Call Imp          |    20 |     1 ||    21
       Blink             |     9 |     5 ||    14
       Conjure Flame     |     2 |       ||     2
       Mephitic Cloud    |     2 |       ||     2
       Freeze            |     2 |       ||     2
  Use: Scroll            |     6 |     1 ||     7
       Potion            |       |     1 ||     1
Armor: Robe              |     8 |     3 ||    11
Dodge: Dodged            |    35 |    17 ||    52
Block: Other             |     7 |     2 ||     9
       Reflection        |     2 |       ||     2

Table legend: (Time is in decaauts)
 A = Elapsed time spent in this place.
 B = Non-inter-level travel time spent in this place.
 C = Inter-level travel time spent in this place.
 D = Time resting spent in this place.
 E = Time spent auto-exploring this place.
 F = Levels seen in this place.
 G = Mean time per level.
                   A        B        C        D        E       F      G
               +--------+--------+--------+--------+--------+-----+--------+
         Total |   3945 |   3826 |    119 |   1249 |   1850 |   3 | 1315.0 |
       Dungeon |   3945 |   3826 |    119 |   1249 |   1850 |   3 | 1315.0 |
               +--------+--------+--------+--------+--------+-----+--------+

Top non-repeatable levels by time:
     D:2: 1836 daAuts
     D:1: 1819 daAuts
     D:3: 290 daAuts
